Blackhawks vs Devils
Created - 11 décembre 2014 at 20:25
Goals
|
| Blackhawks |
0 |
0 |
1 |
1 |
| Devils |
0 |
2 |
2 |
4 |
|
Shots
|
| Blackhawks |
12 |
5 |
8 |
25 |
| Devils |
11 |
16 |
8 |
35 |
|
1st period
No Goal
Penalties :
Chris Campoli (Chi) for Roughing (Minor) at 12:56
2nd period
1. Devils , Antti Miettinen 7 (Greg Stewart) at 4:50
2. Devils , Stephen Weiss 8 (Zach Parise, Mike Lundin) at 18:21 (PP)
Penalties :
Dominic Moore (Chi) for Cross-checking (Minor) at 0:56, Chris Campoli (Chi) for High sticking (Minor) at 10:47, Scott Gomez (Chi) for Slashing (Minor) at 17:14, Chris Campoli (Chi) for Holding (Minor) at 19:28
3rd period
3. Devils , Patric Hornqvist 15 (Stephen Weiss, Mike Komisarek) at 6:27 (PP)
4. Blackhawks , Daniel Carcillo 4 (Dominic Moore, Wes O'Neill) at 12:39
5. Devils , Vincent Lecavalier 25 (Zach Parise, Guillaume Latendresse) at 13:45
Penalties :
Kris Versteeg (Chi) for Hooking (Minor) at 5:31, Dominic Moore (Chi) for Goalie Interference (Minor) at 10:15, Steve McCarthy (Chi) for Kneeing (Major) at 14:48
Goalie Stats
Roberto Luongo (Chi), 31 saves from 35 shots - (0,886), L, 16-12-2, 60:00 minutes
Viktor Fasth (NJD), 24 saves from 25 shots - (0,960), W, 15-6-2, 60:00 minutes
Players Stats for Blackhawks
Player Name G A P +/- PIM S H SB GA TA FO MP PP MP PK MP
------------------------------------------------------------------------------------
Chris Campoli 0 0 0 -1 6 1 2 2 1 0 0/0 19:51 0:00 4:56
Chris Higgins 0 0 0 0 0 2 1 0 1 0 0/0 12:56 0:00 3:38
Daniel Carcillo 1 0 1 1 0 1 0 0 0 1 2/5 9:46 0:00 3:39
Dominic Moore 0 1 1 1 4 2 1 1 0 0 4/10 16:40 0:00 6:45
George Parros 0 0 0 0 0 0 1 0 0 0 0/0 8:30 0:00 0:00
Henrik Zetterberg 0 0 0 0 0 5 2 1 0 0 1/2 15:51 0:00 0:14
Jamie Langenbrunner 0 0 0 -1 0 1 0 0 0 0 1/2 20:49 0:00 8:34
Jeff Schultz 0 0 0 -1 0 2 2 3 1 0 0/0 22:12 0:00 7:10
John Carlson 0 0 0 0 0 2 0 0 0 0 0/0 14:16 0:00 4:57
Johnny Oduya 0 0 0 -1 0 1 2 2 2 1 0/0 19:25 0:00 1:21
Kris Versteeg 0 0 0 -2 2 1 2 0 1 0 0/0 11:47 0:00 0:00
Oleg Kvasha 0 0 0 0 0 1 0 0 0 1 1/1 7:32 0:00 2:02
Robert Nilsson 0 0 0 0 0 3 1 0 0 1 13/26 16:27 0:00 0:26
Scott Gomez 0 0 0 -2 2 2 2 0 1 0 7/9 16:15 0:00 4:05
Sheldon Keefe 0 0 0 0 0 0 2 0 0 1 0/0 10:24 0:00 4:31
Steve Bernier 0 0 0 0 0 1 0 1 0 0 0/0 15:34 0:00 0:00
Steve McCarthy 0 0 0 0 5 0 0 2 0 0 0/0 25:32 0:00 6:36
Wes O'Neill 0 1 1 1 0 0 2 1 0 0 0/0 19:08 0:00 8:54
Players Stats for Devils
Player Name G A P +/- PIM S H SB GA TA FO MP PP MP PK MP
------------------------------------------------------------------------------------
Andy Greene 0 0 0 -1 0 0 2 1 0 1 0/0 10:03 1:13 0:00
Antti Miettinen 1 0 1 1 0 1 0 0 0 0 0/0 7:51 0:57 0:00
Ben Lovejoy 0 0 0 2 0 3 0 0 0 0 0/0 26:10 9:35 0:00
Brad Ference 0 0 0 0 0 2 1 0 1 2 0/0 12:32 1:00 0:00
Dustin Boyd 0 0 0 -1 0 0 1 0 0 0 2/4 10:19 0:42 0:00
Greg Stewart 0 1 1 1 0 3 1 0 1 0 0/0 8:01 1:07 0:00
Guillaume Latendresse 0 1 1 0 0 1 0 4 0 1 1/2 20:34 8:34 0:00
Jason Arnott 0 0 0 1 0 0 1 0 0 0 1/1 8:03 1:09 0:00
Jay Bouwmeester 0 0 0 0 0 1 2 3 1 1 0/0 27:44 9:22 0:00
Ladislav Nagy 0 0 0 -1 0 3 0 0 0 0 0/0 9:37 0:00 0:00
Maxim Afinogenov 0 0 0 1 0 0 2 0 0 0 2/2 23:25 8:34 0:00
Mike Komisarek 0 1 1 0 0 0 3 2 0 1 0/0 24:05 6:22 0:00
Mike Lundin 0 1 1 1 0 3 0 1 0 0 0/0 19:26 6:22 0:00
Patric Hornqvist 1 0 1 0 0 3 0 1 1 0 0/0 18:48 7:07 0:00
Patrick Eaves 0 0 0 -1 0 1 1 0 0 0 0/0 9:37 0:00 0:00
Stephen Weiss 1 1 2 0 0 2 7 0 1 0 4/12 18:48 7:07 0:00
Vincent Lecavalier 1 0 1 1 0 6 3 1 0 0 15/33 23:18 8:27 0:00
Zach Parise 0 2 2 1 0 6 3 2 0 1 1/1 21:39 7:07 0:00
3 Stars
1 - Stephen Weiss (NJD)
2 - Viktor Fasth (NJD)
3 - Zach Parise (NJD)
Power Play
Blackhawks - 0 on 0 Attempt(s) - 0,00%
Devils - 2 on 8 Attempt(s) - 25,00%
Penalty Kill
Blackhawks - 6 on 8 Attempt(s) - 75,00%
- Score 0 goal in Penalty Kill
Devils - 0 on 0 Attempt(s) - 0,00%
- Score 0 goal in Penalty Kill
Official
Referees : Banfield David and Kimmerly Greg
Linesman : Jay Sharrers and Derek Amell
Game Notes
No Game Note
Finance
Level 1 -- Attendance: 6000 (100,00%) -- Ticket Income 510 000 $
Level 2 -- Attendance: 4547 (90,94%) -- Ticket Income 236 444 $
Level 3 -- Attendance: 1991 (99,55%) -- Ticket Income 55 748 $
Level 4 -- Attendance: 3872 (96,80%) -- Ticket Income 77 440 $
Luxury Box -- Attendance: 844 (84,40%) -- Ticket Income 143 480 $
Game was played at the The prudential Center
Total Attendance: 17254 (95,86%)
Total Ticket Income: 1 023 112 $
Other Income: 153 467 $
Total Income: 1 176 579 $
Blackhawks
5 vs 5 Forward
Center Left Wing Right Wing Time % Phy DF OF
1 Robert Nilsson Henrik Zetterberg Steve Bernier 40 1 2 2
2 Scott Gomez Kris Versteeg Jamie Langenbrunner 30 1 2 2
3 Dominic Moore Chris Higgins George Parros 20 1 2 2
4 Oleg Kvasha Daniel Carcillo Sheldon Keefe 10 1 2 2
5 vs 5 Defense
Defense Defense Time % Phy DF OF
1 Johnny Oduya Steve McCarthy 40 1 2 2
2 Jeff Schultz Chris Campoli 30 1 2 2
3 Wes O'Neill John Carlson 20 1 2 2
4 Johnny Oduya Steve McCarthy 10 1 2 2
PowerPlay Forward
Center Left Wing Right Wing Time % Phy DF OF
1 Robert Nilsson Henrik Zetterberg Kris Versteeg 60 1 0 4
2 Scott Gomez Chris Higgins Jamie Langenbrunner 40 1 0 4
PowerPlay Defense
Defense Defense Time % Phy DF OF
1 Johnny Oduya John Carlson 60 1 1 3
2 Steve McCarthy Chris Campoli 40 1 1 3
Penalty Kill 4 Players Forward
Center Wing Time % Phy DF OF
1 Dominic Moore Jamie Langenbrunner 60 1 3 1
2 Scott Gomez Sheldon Keefe 40 1 3 1
Penalty Kill 4 Players Defense
Defense Defense Time % Phy DF OF
1 Wes O'Neill Steve McCarthy 60 1 3 1
2 Jeff Schultz Chris Campoli 40 1 3 1
Penalty Kill - 3 Players Forward
Forward Time % Phy DF OF
1 Henrik Zetterberg 60 1 4 0
2 Robert Nilsson 40 1 4 0
Penalty Kill - 3 Players Defense
Defense Defense Time % Phy DF OF
1 Johnny Oduya Steve McCarthy 60 1 4 0
2 Jeff Schultz Chris Campoli 40 1 4 0
4 vs 4 Forward
Center Wing Time % Phy DF OF
1 Robert Nilsson Henrik Zetterberg 60 1 2 2
2 Scott Gomez Kris Versteeg 40 1 2 2
4 vs 4 Defense
Defense Defense Time % Phy DF OF
1 Jeff Schultz Steve McCarthy 60 1 2 2
2 Wes O'Neill Chris Campoli 40 1 2 2
Last Minutes Offensive
Center Left Wing Right Wing Defense Defense
Robert Nilsson Henrik Zetterberg Kris Versteeg Johnny Oduya Steve McCarthy
Last Minutes Defensive
Center Left Wing Right Wing Defense Defense
Robert Nilsson Henrik Zetterberg Jamie Langenbrunner Johnny Oduya Steve McCarthy
Goaltenders
Starting : Roberto Luongo
Backup : Jocelyn Thibault
Extra Forwards
Normal : Chris Higgins, Dominic Moore, Steve Bernier - PP : Chris Higgins, Steve Bernier - PK : Daniel Carcillo
Extra Defensemen
Normal : Wes O'Neill, John Carlson, Jeff Schultz - PP : Wes O'Neill - PK : John Carlson, Jeff Schultz
Penalty Shots
Henrik Zetterberg, Robert Nilsson, Kris Versteeg, Scott Gomez, Jamie Langenbrunner
Devils
5 vs 5 Forward
Center Left Wing Right Wing Time % Phy DF OF
1 Vincent Lecavalier Zach Parise Maxim Afinogenov 40 1 2 2
2 Stephen Weiss Guillaume Latendresse Patric Hornqvist 30 1 2 2
3 Dustin Boyd Ladislav Nagy Patrick Eaves 20 1 2 2
4 Jason Arnott Greg Stewart Antti Miettinen 10 1 2 2
5 vs 5 Defense
Defense Defense Time % Phy DF OF
1 Jay Bouwmeester Mike Komisarek 40 1 2 2
2 Ben Lovejoy Mike Lundin 30 1 2 2
3 Brad Ference Andy Greene 20 1 2 2
4 Ben Lovejoy Brad Ference 10 1 2 2
PowerPlay Forward
Center Left Wing Right Wing Time % Phy DF OF
1 Vincent Lecavalier Guillaume Latendresse Maxim Afinogenov 60 0 2 3
2 Stephen Weiss Zach Parise Patric Hornqvist 40 0 2 3
PowerPlay Defense
Defense Defense Time % Phy DF OF
1 Ben Lovejoy Jay Bouwmeester 60 1 2 2
2 Mike Lundin Mike Komisarek 40 1 2 2
Penalty Kill 4 Players Forward
Center Wing Time % Phy DF OF
1 Jason Arnott Zach Parise 60 1 2 2
2 Vincent Lecavalier Guillaume Latendresse 40 1 2 2
Penalty Kill 4 Players Defense
Defense Defense Time % Phy DF OF
1 Jay Bouwmeester Mike Komisarek 60 1 2 2
2 Mike Lundin Brad Ference 40 1 2 2
Penalty Kill - 3 Players Forward
Forward Time % Phy DF OF
1 Jason Arnott 60 1 2 2
2 Vincent Lecavalier 40 1 2 2
Penalty Kill - 3 Players Defense
Defense Defense Time % Phy DF OF
1 Jay Bouwmeester Mike Komisarek 60 1 2 2
2 Brad Ference Ben Lovejoy 40 1 2 2
4 vs 4 Forward
Center Wing Time % Phy DF OF
1 Stephen Weiss Guillaume Latendresse 60 1 2 2
2 Vincent Lecavalier Zach Parise 40 1 2 2
4 vs 4 Defense
Defense Defense Time % Phy DF OF
1 Brad Ference Mike Komisarek 60 1 2 2
2 Jay Bouwmeester Mike Lundin 40 1 2 2
Last Minutes Offensive
Center Left Wing Right Wing Defense Defense
Vincent Lecavalier Guillaume Latendresse Maxim Afinogenov Ben Lovejoy Jay Bouwmeester
Last Minutes Defensive
Center Left Wing Right Wing Defense Defense
Jason Arnott Zach Parise Maxim Afinogenov Mike Komisarek Jay Bouwmeester
Goaltenders
Starting : Viktor Fasth
Backup : Dan Ellis
Extra Forwards
Normal : Jason Arnott, Antti Miettinen, Ladislav Nagy - PP : Jason Arnott, Greg Stewart - PK : Ladislav Nagy
Extra Defensemen
Normal : Ben Lovejoy, Mike Komisarek, Andy Greene - PP : Ben Lovejoy - PK : Ben Lovejoy, Mike Lundin
Penalty Shots
Vincent Lecavalier, Maxim Afinogenov, Guillaume Latendresse, Patric Hornqvist, Zach Parise
% Time on Ice - Blackhawks
Lines # - Real PCT - Wanted PCT - Time Play
Normal Forward
1 - 39% - 40% - 16:52
2 - 28% - 30% - 12:11
3 - 20% - 20% - 8:30
4 - 13% - 10% - 5:30
Normal Defense
1 - 41% - 40% - 17:36
2 - 35% - 30% - 14:53
3 - 21% - 20% - 8:56
4 - 4% - 10% - 1:38
PP Forward
1 - 0% - 60%
2 - 0% - 40%
PP Defense
1 - 0% - 60%
2 - 0% - 40%
PK Forward
1 - 73% - 60% - 12:26
2 - 27% - 40% - 4:31
PK Defense
1 - 62% - 60% - 10:30
2 - 38% - 40% - 6:27
PK3 Forward
1 - 0% - 60%
2 - 0% - 40%
PK3 Defense
1 - 0% - 60%
2 - 0% - 40%
44 Forward
1 - 0% - 60%
2 - 0% - 40%
44 Defense
1 - 0% - 60%
2 - 0% - 40%
Last Minute Offensive - 0:00
Last Minute Defensive - 0:00
Total
Forward - 60:00
Defense - 60:00
|
% Time on Ice - Devils
Lines # - Real PCT - Wanted PCT - Time Play
Normal Forward
1 - 35% - 40% - 15:16
2 - 27% - 30% - 11:41
3 - 22% - 20% - 9:37
4 - 15% - 10% - 6:29
Normal Defense
1 - 43% - 40% - 18:27
2 - 30% - 30% - 13:04
3 - 20% - 20% - 8:45
4 - 6% - 10% - 2:47
PP Forward
1 - 58% - 60% - 9:50
2 - 42% - 40% - 7:07
PP Defense
1 - 62% - 60% - 10:35
2 - 38% - 40% - 6:22
PK Forward
1 - 0% - 60%
2 - 0% - 40%
PK Defense
1 - 0% - 60%
2 - 0% - 40%
PK3 Forward
1 - 0% - 60%
2 - 0% - 40%
PK3 Defense
1 - 0% - 60%
2 - 0% - 40%
44 Forward
1 - 0% - 60%
2 - 0% - 40%
44 Defense
1 - 0% - 60%
2 - 0% - 40%
Last Minute Offensive - 0:00
Last Minute Defensive - 0:00
Total
Forward - 60:00
Defense - 60:00
|
Play by Play
1st period
0:01 of 1st period - Vincent Lecavalier wins face-off versus Robert Nilsson in neutral zone.
0:10 of 1st period - Mike Komisarek is hit by Robert Nilsson and loses puck.
0:42 of 1st period - Wrist shot by Zach Parise.
0:42 of 1st period - Stopped by Roberto Luongo without a rebound.
0:43 of 1st period - Stephen Weiss wins face-off versus Scott Gomez in Blackhawks zone.
0:44 of 1st period - Snap shot by Patric Hornqvist.
0:44 of 1st period - Stopped by Roberto Luongo with a rebound.
1:08 of 1st period - Andy Greene is hit by Chris Campoli and loses puck.
1:14 of 1st period - Brad Ference is hit by Sheldon Keefe and loses puck.
1:31 of 1st period - Snap shot by Daniel Carcillo.
1:31 of 1st period - Shot Blocked by Mike Lundin.
1:39 of 1st period - Snap shot by Robert Nilsson.
1:39 of 1st period - Stopped by Viktor Fasth without a rebound.
1:40 of 1st period - Scott Gomez wins face-off versus Stephen Weiss in Devils zone.
1:49 of 1st period - Slapshot by Scott Gomez.
1:49 of 1st period - Shot Blocked by Guillaume Latendresse.
1:56 of 1st period - Off-side.
1:57 of 1st period - Dustin Boyd wins face-off versus Henrik Zetterberg in neutral zone.
2:00 of 1st period - Slapshot by Brad Ference.
2:00 of 1st period - Stopped by Roberto Luongo with a rebound.
2:02 of 1st period - Slapshot by Brad Ference.
2:02 of 1st period - Shot Misses the Net.
2:04 of 1st period - Snap shot by Patrick Eaves.
2:04 of 1st period - Stopped by Roberto Luongo with a rebound.
2:06 of 1st period - Snap shot by Ben Lovejoy.
2:06 of 1st period - Shot Blocked by Henrik Zetterberg.
2:08 of 1st period - Slapshot by Ben Lovejoy.
2:08 of 1st period - Shot Blocked by Johnny Oduya.
2:22 of 1st period - Ben Lovejoy is hit by Johnny Oduya.
3:08 of 1st period - Oleg Kvasha is hit by Mike Komisarek.
4:16 of 1st period - Wrist shot by Henrik Zetterberg.
4:16 of 1st period - Shot Blocked by Guillaume Latendresse.
4:18 of 1st period - Slapshot by John Carlson.
4:18 of 1st period - Stopped by Viktor Fasth with a rebound.
4:20 of 1st period - Snap shot by John Carlson.
4:20 of 1st period - Stopped by Viktor Fasth with a rebound.
4:24 of 1st period - Snap shot by Henrik Zetterberg.
4:24 of 1st period - Shot Blocked by Guillaume Latendresse.
4:26 of 1st period - Slapshot by Steve Bernier.
4:26 of 1st period - Stopped by Viktor Fasth without a rebound.
4:27 of 1st period - Scott Gomez wins face-off versus Vincent Lecavalier in Devils zone.
4:36 of 1st period - Snap shot by Kris Versteeg.
4:36 of 1st period - Deflect By Jamie Langenbrunner.
4:36 of 1st period - Stopped by Viktor Fasth with a rebound.
4:42 of 1st period - Scott Gomez is hit by Maxim Afinogenov.
4:54 of 1st period - Wrist shot by Ladislav Nagy.
4:54 of 1st period - Stopped by Roberto Luongo with a rebound.
5:39 of 1st period - Antti Miettinen is hit by Scott Gomez and loses puck.
6:27 of 1st period - Kris Versteeg is hit by Dustin Boyd and loses puck.
6:38 of 1st period - Steve Bernier is hit by Brad Ference and loses puck.
7:36 of 1st period - Snap shot by Henrik Zetterberg.
7:36 of 1st period - Shot Blocked by Mike Komisarek.
8:35 of 1st period - Off-side.
8:36 of 1st period - Robert Nilsson wins face-off versus Vincent Lecavalier in neutral zone.
8:51 of 1st period - Robert Nilsson is hit by Maxim Afinogenov and loses puck.
9:27 of 1st period - Ben Lovejoy is hit by George Parros and loses puck.
10:09 of 1st period - Wrist shot by Henrik Zetterberg.
10:09 of 1st period - Deflect By Robert Nilsson.
10:09 of 1st period - Stopped by Viktor Fasth with a rebound.
10:23 of 1st period - Wes O'Neill is hit by Stephen Weiss and loses puck.
10:34 of 1st period - Stephen Weiss is hit by Jeff Schultz and loses puck.
10:45 of 1st period - Mike Komisarek is hit by Dominic Moore and loses puck.
11:13 of 1st period - Wrist shot by Dustin Boyd.
11:13 of 1st period - Shot Misses the Net.
11:15 of 1st period - Snap shot by Ladislav Nagy.
11:15 of 1st period - Stopped by Roberto Luongo without a rebound.
11:16 of 1st period - Scott Gomez wins face-off versus Vincent Lecavalier in Blackhawks zone.
11:16 of 1st period - Scott Gomez is hit by Vincent Lecavalier.
11:42 of 1st period - Henrik Zetterberg is hit by Stephen Weiss and loses puck.
11:49 of 1st period - Snap shot by Guillaume Latendresse.
11:49 of 1st period - Stopped by Roberto Luongo without a rebound.
11:50 of 1st period - Robert Nilsson wins face-off versus Vincent Lecavalier in Blackhawks zone.
11:59 of 1st period - Wrist shot by Robert Nilsson.
11:59 of 1st period - Shot Misses the Net.
12:01 of 1st period - Snap shot by Robert Nilsson.
12:01 of 1st period - Deflect By Henrik Zetterberg.
12:01 of 1st period - Stopped by Viktor Fasth with a rebound.
12:03 of 1st period - Wrist shot by Steve Bernier.
12:03 of 1st period - Shot Misses the Net.
12:17 of 1st period - Maxim Afinogenov is hit by Johnny Oduya and loses puck.
12:56 of 1st period - Minor Penalty to Chris Campoli for Roughing.
12:57 of 1st period - Dominic Moore wins face-off versus Stephen Weiss in Blackhawks zone.
14:04 of 1st period - Icing by Guillaume Latendresse.
14:05 of 1st period - Daniel Carcillo wins face-off versus Vincent Lecavalier in Devils zone.
14:06 of 1st period - Snap shot by Chris Higgins.
14:06 of 1st period - Stopped by Viktor Fasth with a rebound.
14:56 of 1st period - Penalty to Chris Campoli is over, Chris Campoli is back on ice.
14:58 of 1st period - Snap shot by Chris Campoli.
14:58 of 1st period - Shot Misses the Net.
15:06 of 1st period - Snap shot by Chris Campoli.
15:06 of 1st period - Stopped by Viktor Fasth with a rebound.
15:08 of 1st period - Wrist shot by Chris Campoli.
15:08 of 1st period - Shot Misses the Net.
15:10 of 1st period - Wrist shot by Scott Gomez.
15:10 of 1st period - Stopped by Viktor Fasth with a rebound.
15:12 of 1st period - Wrist shot by Chris Campoli.
15:12 of 1st period - Deflect By Sheldon Keefe.
15:12 of 1st period - Shot Misses the Net.
15:12 of 1st period - Puck is out of play.
15:13 of 1st period - Robert Nilsson wins face-off versus Dustin Boyd in Devils zone.
16:31 of 1st period - Sheldon Keefe is hit by Patrick Eaves and loses puck.
16:55 of 1st period - Snap shot by Henrik Zetterberg.
16:55 of 1st period - Stopped by Viktor Fasth without a rebound.
16:56 of 1st period - Scott Gomez wins face-off versus Vincent Lecavalier in Devils zone.
16:57 of 1st period - Slapshot by Kris Versteeg.
16:57 of 1st period - Shot Misses the Net.
17:05 of 1st period - Wrist shot by Vincent Lecavalier.
17:05 of 1st period - Shot Misses the Net.
17:07 of 1st period - Wrist shot by Vincent Lecavalier.
17:07 of 1st period - Stopped by Roberto Luongo with a rebound.
17:09 of 1st period - Wrist shot by Maxim Afinogenov.
17:09 of 1st period - Deflect By Vincent Lecavalier.
17:09 of 1st period - Shot Misses the Net.
17:09 of 1st period - Puck is out of play.
17:10 of 1st period - Robert Nilsson wins face-off versus Vincent Lecavalier in Blackhawks zone.
17:10 of 1st period - Robert Nilsson is hit by Vincent Lecavalier.
17:16 of 1st period - Wrist shot by Robert Nilsson.
17:16 of 1st period - Stopped by Viktor Fasth with a rebound.
17:46 of 1st period - Snap shot by Patric Hornqvist.
17:46 of 1st period - Stopped by Roberto Luongo without a rebound.
17:47 of 1st period - Robert Nilsson wins face-off versus Vincent Lecavalier in Blackhawks zone.
18:15 of 1st period - Icing by Stephen Weiss.
18:16 of 1st period - Stephen Weiss wins face-off versus Dominic Moore in Devils zone.
18:43 of 1st period - Slapshot by Mike Lundin.
18:43 of 1st period - Shot Misses the Net.
18:45 of 1st period - Slapshot by Mike Lundin.
18:45 of 1st period - Stopped by Roberto Luongo with a rebound.
18:47 of 1st period - Wrist shot by Vincent Lecavalier.
18:47 of 1st period - Shot Blocked by Steve McCarthy.
18:49 of 1st period - Slapshot by Ben Lovejoy.
18:49 of 1st period - Stopped by Roberto Luongo without a rebound.
18:50 of 1st period - Scott Gomez wins face-off versus Vincent Lecavalier in Blackhawks zone.
18:50 of 1st period - Scott Gomez is hit by Zach Parise.
19:50 of 1st period - Snap shot by Dustin Boyd.
19:50 of 1st period - Shot Blocked by Dominic Moore.
19:52 of 1st period - Snap shot by Dustin Boyd.
19:52 of 1st period - Shot Blocked by Johnny Oduya.
Goals for this period are 0 for Blackhawks vs 0 for Devils.
Shots for this period are 12 for Blackhawks vs 11 for Devils.
2nd period
0:01 of 2nd period - Vincent Lecavalier wins face-off versus Robert Nilsson in neutral zone.
0:08 of 2nd period - Slapshot by Mike Komisarek.
0:08 of 2nd period - Deflect By Zach Parise.
0:08 of 2nd period - Stopped by Roberto Luongo with a rebound.
0:10 of 2nd period - Snap shot by Maxim Afinogenov.
0:10 of 2nd period - Shot Blocked by Steve McCarthy.
0:12 of 2nd period - Slapshot by Jay Bouwmeester.
0:12 of 2nd period - Shot Misses the Net.
0:14 of 2nd period - Snap shot by Vincent Lecavalier.
0:14 of 2nd period - Stopped by Roberto Luongo with a rebound.
0:16 of 2nd period - Wrist shot by Zach Parise.
0:16 of 2nd period - Stopped by Roberto Luongo with a rebound.
0:26 of 2nd period - Kris Versteeg is hit by Stephen Weiss and loses puck.
0:56 of 2nd period - Minor Penalty to Dominic Moore for Cross-checking.
0:57 of 2nd period - Guillaume Latendresse wins face-off versus Daniel Carcillo in Blackhawks zone.
2:54 of 2nd period - Robert Nilsson is hit by Greg Stewart and loses puck.
2:56 of 2nd period - Penalty to Dominic Moore is over, Dominic Moore is back on ice.
3:01 of 2nd period - Snap shot by Jason Arnott.
3:01 of 2nd period - Deflect By Greg Stewart.
3:01 of 2nd period - Stopped by Roberto Luongo with a rebound.
3:09 of 2nd period - Snap shot by Robert Nilsson.
3:09 of 2nd period - Shot Blocked by Andy Greene.
3:35 of 2nd period - Snap shot by Dominic Moore.
3:35 of 2nd period - Deflect By Chris Higgins.
3:35 of 2nd period - Stopped by Viktor Fasth with a rebound.
4:26 of 2nd period - Vincent Lecavalier is hit by Kris Versteeg and loses puck.
4:50 of 2nd period - Snap shot by Antti Miettinen.
4:50 of 2nd period - Goal by Antti Miettinen - Blackhawks : 0 - Devils : 1.
4:51 of 2nd period - Scott Gomez wins face-off versus Stephen Weiss in neutral zone.
4:56 of 2nd period - Slapshot by Jeff Schultz.
4:56 of 2nd period - Stopped by Viktor Fasth with a rebound.
5:18 of 2nd period - Henrik Zetterberg is hit by Jay Bouwmeester and loses puck.
5:25 of 2nd period - Snap shot by Jeff Schultz.
5:25 of 2nd period - Deflect By Maxim Afinogenov.
5:25 of 2nd period - Stopped by Viktor Fasth without a rebound.
5:26 of 2nd period - Scott Gomez wins face-off versus Vincent Lecavalier in Devils zone.
6:34 of 2nd period - Greg Stewart is hit by Sheldon Keefe and loses puck.
6:41 of 2nd period - Snap shot by Daniel Carcillo.
6:41 of 2nd period - Shot Blocked by Jay Bouwmeester.
7:05 of 2nd period - Maxim Afinogenov is hit by Wes O'Neill and loses puck.
7:50 of 2nd period - Wrist shot by Dominic Moore.
7:50 of 2nd period - Shot Misses the Net.
8:10 of 2nd period - Snap shot by Greg Stewart.
8:10 of 2nd period - Stopped by Roberto Luongo without a rebound.
8:11 of 2nd period - Vincent Lecavalier wins face-off versus Robert Nilsson in Blackhawks zone.
8:28 of 2nd period - Robert Nilsson is hit by Zach Parise and loses puck.
8:53 of 2nd period - Ben Lovejoy is hit by Kris Versteeg and loses puck.
9:04 of 2nd period - Slapshot by Ben Lovejoy.
9:04 of 2nd period - Deflect By Dominic Moore.
9:04 of 2nd period - Stopped by Roberto Luongo with a rebound.
9:06 of 2nd period - Wrist shot by Patrick Eaves.
9:06 of 2nd period - Shot Blocked by Jeff Schultz.
9:08 of 2nd period - Slapshot by Patrick Eaves.
9:08 of 2nd period - Shot Blocked by Jeff Schultz.
9:14 of 2nd period - Slapshot by Ladislav Nagy.
9:14 of 2nd period - Stopped by Roberto Luongo without a rebound.
9:15 of 2nd period - Vincent Lecavalier wins face-off versus Robert Nilsson in Blackhawks zone.
9:30 of 2nd period - Snap shot by Henrik Zetterberg.
9:30 of 2nd period - Stopped by Viktor Fasth with a rebound.
9:32 of 2nd period - Slapshot by Johnny Oduya.
9:32 of 2nd period - Shot Blocked by Zach Parise.
9:54 of 2nd period - Wrist shot by Stephen Weiss.
9:54 of 2nd period - Stopped by Roberto Luongo without a rebound.
9:55 of 2nd period - Robert Nilsson wins face-off versus Dustin Boyd in Blackhawks zone.
10:47 of 2nd period - Minor Penalty to Chris Campoli for High sticking.
10:48 of 2nd period - Dominic Moore wins face-off versus Vincent Lecavalier in Blackhawks zone.
12:47 of 2nd period - Penalty to Chris Campoli is over, Chris Campoli is back on ice.
13:17 of 2nd period - Sheldon Keefe is hit by Andy Greene and loses puck.
14:18 of 2nd period - John Carlson is hit by Andy Greene and loses puck.
15:02 of 2nd period - Scott Gomez is hit by Stephen Weiss and loses puck.
15:13 of 2nd period - Snap shot by Daniel Carcillo.
15:13 of 2nd period - Shot Blocked by Jay Bouwmeester.
15:51 of 2nd period - Ben Lovejoy is hit by Henrik Zetterberg and loses puck.
16:14 of 2nd period - Slapshot by Oleg Kvasha.
16:14 of 2nd period - Stopped by Viktor Fasth with a rebound.
16:24 of 2nd period - Wrist shot by Antti Miettinen.
16:24 of 2nd period - Shot Blocked by Wes O'Neill.
16:26 of 2nd period - Slapshot by Mike Lundin.
16:26 of 2nd period - Stopped by Roberto Luongo without a rebound.
16:27 of 2nd period - Henrik Zetterberg wins face-off versus Vincent Lecavalier in Blackhawks zone.
16:32 of 2nd period - Slapshot by Henrik Zetterberg.
16:32 of 2nd period - Shot Misses the Net.
16:43 of 2nd period - Brad Ference is hit by Henrik Zetterberg.
17:14 of 2nd period - Minor Penalty to Scott Gomez for Slashing.
17:15 of 2nd period - Maxim Afinogenov wins face-off versus Dominic Moore in Blackhawks zone.
17:30 of 2nd period - Snap shot by Vincent Lecavalier.
17:30 of 2nd period - Shot Misses the Net.
17:49 of 2nd period - Slapshot by Ben Lovejoy.
17:49 of 2nd period - Stopped by Roberto Luongo without a rebound.
17:50 of 2nd period - Vincent Lecavalier wins face-off versus Daniel Carcillo in Blackhawks zone.
18:19 of 2nd period - Backhand shot by Zach Parise.
18:19 of 2nd period - Stopped by Roberto Luongo with a rebound.
18:21 of 2nd period - Snap shot by Stephen Weiss.
18:21 of 2nd period - Goal by Stephen Weiss - Blackhawks : 0 - Devils : 2.
18:22 of 2nd period - Robert Nilsson wins face-off versus Vincent Lecavalier in neutral zone.
19:16 of 2nd period - Snap shot by Antti Miettinen.
19:16 of 2nd period - Shot Blocked by Chris Campoli.
19:18 of 2nd period - Slapshot by Jay Bouwmeester.
19:18 of 2nd period - Stopped by Roberto Luongo without a rebound.
19:19 of 2nd period - Zach Parise wins face-off versus Robert Nilsson in Blackhawks zone.
19:26 of 2nd period - Snap shot by Zach Parise.
19:26 of 2nd period - Stopped by Roberto Luongo with a rebound.
19:28 of 2nd period - Minor Penalty to Chris Campoli for Holding.
19:29 of 2nd period - Dominic Moore wins face-off versus Vincent Lecavalier in Blackhawks zone.
19:44 of 2nd period - Snap shot by Vincent Lecavalier.
19:44 of 2nd period - Stopped by Roberto Luongo without a rebound.
19:45 of 2nd period - Vincent Lecavalier wins face-off versus Dominic Moore in Blackhawks zone.
Goals for this period are 0 for Blackhawks vs 2 for Devils.
Shots for this period are 5 for Blackhawks vs 16 for Devils.
3rd period
0:01 of 3rd period - Vincent Lecavalier wins face-off versus Jamie Langenbrunner in neutral zone.
0:11 of 3rd period - Snap shot by Vincent Lecavalier.
0:11 of 3rd period - Shot Misses the Net.
1:28 of 3rd period - Penalty to Chris Campoli is over, Chris Campoli is back on ice.
2:06 of 3rd period - Patrick Eaves is hit by Jeff Schultz and loses puck.
2:14 of 3rd period - Icing by Andy Greene.
2:15 of 3rd period - Jason Arnott wins face-off versus Dominic Moore in Devils zone.
2:43 of 3rd period - Snap shot by Kris Versteeg.
2:43 of 3rd period - Shot Misses the Net.
2:51 of 3rd period - Kris Versteeg is hit by Vincent Lecavalier and loses puck.
3:26 of 3rd period - Off-side.
3:27 of 3rd period - Oleg Kvasha wins face-off versus Vincent Lecavalier in neutral zone.
3:38 of 3rd period - Wrist shot by Oleg Kvasha.
3:38 of 3rd period - Shot Blocked by Zach Parise.
3:40 of 3rd period - Snap shot by Jeff Schultz.
3:40 of 3rd period - Deflect By Sheldon Keefe.
3:40 of 3rd period - Shot Blocked by Vincent Lecavalier.
3:40 of 3rd period - Puck is out of play.
3:41 of 3rd period - Vincent Lecavalier wins face-off versus Robert Nilsson in Devils zone.
4:33 of 3rd period - Slapshot by Vincent Lecavalier.
4:33 of 3rd period - Stopped by Roberto Luongo with a rebound.
4:51 of 3rd period - Wrist shot by Vincent Lecavalier.
4:51 of 3rd period - Shot Misses the Net.
4:53 of 3rd period - Wrist shot by Vincent Lecavalier.
4:53 of 3rd period - Shot Misses the Net.
4:55 of 3rd period - Slapshot by Mike Lundin.
4:55 of 3rd period - Stopped by Roberto Luongo without a rebound.
4:56 of 3rd period - Stephen Weiss wins face-off versus Robert Nilsson in Blackhawks zone.
5:18 of 3rd period - Icing by Johnny Oduya.
5:19 of 3rd period - Dustin Boyd wins face-off versus Scott Gomez in Blackhawks zone.
5:31 of 3rd period - Minor Penalty to Kris Versteeg for Hooking.
5:32 of 3rd period - Vincent Lecavalier wins face-off versus Dominic Moore in Blackhawks zone.
5:44 of 3rd period - Snap shot by Steve McCarthy.
5:44 of 3rd period - Shot Blocked by Jay Bouwmeester.
5:46 of 3rd period - Slapshot by Wes O'Neill.
5:46 of 3rd period - Shot Blocked by Guillaume Latendresse.
5:48 of 3rd period - Slapshot by Dominic Moore.
5:48 of 3rd period - Stopped by Viktor Fasth with a rebound.
5:58 of 3rd period - Wes O'Neill is hit by Stephen Weiss and loses puck.
6:27 of 3rd period - Wrist shot by Patric Hornqvist.
6:27 of 3rd period - Goal by Patric Hornqvist - Blackhawks : 0 - Devils : 3.
6:28 of 3rd period - Vincent Lecavalier wins face-off versus Robert Nilsson in neutral zone.
6:31 of 3rd period - Steve Bernier is hit by Jay Bouwmeester and loses puck.
6:54 of 3rd period - Guillaume Latendresse is hit by Scott Gomez and loses puck.
7:13 of 3rd period - Ladislav Nagy is hit by Chris Higgins and loses puck.
7:22 of 3rd period - Snap shot by Dominic Moore.
7:22 of 3rd period - Stopped by Viktor Fasth without a rebound.
7:23 of 3rd period - Maxim Afinogenov wins face-off versus Robert Nilsson in Devils zone.
7:28 of 3rd period - John Carlson is hit by Zach Parise and loses puck.
7:53 of 3rd period - John Carlson is hit by Stephen Weiss and loses puck.
8:34 of 3rd period - Snap shot by Greg Stewart.
8:34 of 3rd period - Stopped by Roberto Luongo with a rebound.
8:36 of 3rd period - Wrist shot by Jason Arnott.
8:36 of 3rd period - Shot Blocked by Jeff Schultz.
9:02 of 3rd period - Slapshot by Henrik Zetterberg.
9:02 of 3rd period - Shot Misses the Net.
9:04 of 3rd period - Wrist shot by Jeff Schultz.
9:04 of 3rd period - Deflect By Henrik Zetterberg.
9:04 of 3rd period - Shot Misses the Net.
9:04 of 3rd period - Puck is out of play.
9:05 of 3rd period - Robert Nilsson wins face-off versus Stephen Weiss in Devils zone.
9:06 of 3rd period - Snap shot by Henrik Zetterberg.
9:06 of 3rd period - Stopped by Viktor Fasth without a rebound.
9:07 of 3rd period - Robert Nilsson wins face-off versus Guillaume Latendresse in Devils zone.
9:16 of 3rd period - Slapshot by Andy Greene.
9:16 of 3rd period - Shot Blocked by Steve Bernier.
9:18 of 3rd period - Slapshot by Brad Ference.
9:18 of 3rd period - Stopped by Roberto Luongo without a rebound.
9:19 of 3rd period - Vincent Lecavalier wins face-off versus Robert Nilsson in Blackhawks zone.
9:36 of 3rd period - Snap shot by Henrik Zetterberg.
9:36 of 3rd period - Shot Misses the Net.
10:15 of 3rd period - Minor Penalty to Dominic Moore for Goalie Interference.
10:16 of 3rd period - Daniel Carcillo wins face-off versus Vincent Lecavalier in Blackhawks zone.
10:19 of 3rd period - Off-side.
10:20 of 3rd period - Vincent Lecavalier wins face-off versus Daniel Carcillo in neutral zone.
11:27 of 3rd period - Slapshot by Wes O'Neill.
11:27 of 3rd period - Shot Blocked by Mike Komisarek.
12:15 of 3rd period - Penalty to Dominic Moore is over, Dominic Moore is back on ice.
12:24 of 3rd period - Dominic Moore is hit by Mike Komisarek and loses puck.
12:39 of 3rd period - Snap shot by Daniel Carcillo.
12:39 of 3rd period - Goal by Daniel Carcillo - Blackhawks : 1 - Devils : 3.
12:40 of 3rd period - Vincent Lecavalier wins face-off versus Robert Nilsson in neutral zone.
13:02 of 3rd period - Icing by Henrik Zetterberg.
13:03 of 3rd period - Stephen Weiss wins face-off versus Robert Nilsson in Blackhawks zone.
13:04 of 3rd period - Slapshot by Patric Hornqvist.
13:04 of 3rd period - Deflect By Stephen Weiss.
13:04 of 3rd period - Shot Blocked by Chris Campoli.
13:04 of 3rd period - Puck is out of play.
13:05 of 3rd period - Robert Nilsson wins face-off versus Stephen Weiss in Blackhawks zone.
13:05 of 3rd period - Robert Nilsson is hit by Stephen Weiss.
13:10 of 3rd period - Icing by Robert Nilsson.
13:11 of 3rd period - Robert Nilsson wins face-off versus Stephen Weiss in Blackhawks zone.
13:41 of 3rd period - Slapshot by Zach Parise.
13:41 of 3rd period - Deflect By Vincent Lecavalier.
13:41 of 3rd period - Stopped by Roberto Luongo with a rebound.
13:43 of 3rd period - Wrist shot by Zach Parise.
13:43 of 3rd period - Stopped by Roberto Luongo with a rebound.
13:45 of 3rd period - Snap shot by Vincent Lecavalier.
13:45 of 3rd period - Goal by Vincent Lecavalier - Blackhawks : 1 - Devils : 4.
13:46 of 3rd period - Vincent Lecavalier wins face-off versus Robert Nilsson in neutral zone.
13:51 of 3rd period - Snap shot by Zach Parise.
13:51 of 3rd period - Shot Misses the Net.
14:08 of 3rd period - Icing by Steve McCarthy.
14:09 of 3rd period - Robert Nilsson wins face-off versus Stephen Weiss in Blackhawks zone.
14:19 of 3rd period - Snap shot by Kris Versteeg.
14:19 of 3rd period - Stopped by Viktor Fasth with a rebound.
14:21 of 3rd period - Backhand shot by Jamie Langenbrunner.
14:21 of 3rd period - Shot Blocked by Patric Hornqvist.
14:23 of 3rd period - Slapshot by Johnny Oduya.
14:23 of 3rd period - Stopped by Viktor Fasth without a rebound.
14:24 of 3rd period - Robert Nilsson wins face-off versus Vincent Lecavalier in Devils zone.
14:39 of 3rd period - Slapshot by Robert Nilsson.
14:39 of 3rd period - Deflect By Henrik Zetterberg.
14:39 of 3rd period - Stopped by Viktor Fasth without a rebound.
14:40 of 3rd period - Jamie Langenbrunner wins face-off versus Stephen Weiss in Devils zone.
14:48 of 3rd period - Major Penalty to Steve McCarthy for Kneeing.
14:49 of 3rd period - Vincent Lecavalier wins face-off versus Dominic Moore in Blackhawks zone.
15:15 of 3rd period - Jay Bouwmeester is hit by Wes O'Neill and loses puck.
15:24 of 3rd period - Wrist shot by Scott Gomez.
15:24 of 3rd period - Stopped by Viktor Fasth without a rebound.
15:25 of 3rd period - Dominic Moore wins face-off versus Vincent Lecavalier in Devils zone.
15:36 of 3rd period - Jamie Langenbrunner is hit by Mike Komisarek and loses puck.
16:52 of 3rd period - Jay Bouwmeester is hit by Chris Campoli.
17:28 of 3rd period - Dominic Moore is hit by Jason Arnott and loses puck.
19:48 of 3rd period - Penalty to Steve McCarthy is over, Steve McCarthy is back on ice.
Goals for this period are 1 for Blackhawks vs 2 for Devils.
Shots for this period are 8 for Blackhawks vs 8 for Devils.
Output by the SimonT Hockey Simulator (STHS) for François Prévost -- Original Page W3C XHTML 1.0 Valid